 Dungeon Crawl Stone Soup version 0.30-a0-778-g2ef04afb54 (webtiles) character file.

Game seed: 13060933706720500256

30 Leeroy the Slasher (level 3, -3/18 HPs)
             Began as a Vine Stalker Warper on Feb 16, 2023.
             Slain by Robin
             ... wielding a +3 short sword of electrocution
              (12 damage)
             ... on level 1 of the Dungeon.
             The game lasted 00:01:54 (764 turns).

Leeroy the Slasher (Vine Stalker Warper)             Turns: 764, Time: 00:01:55

Health: -3/18      AC:  3    Str: 13    XL:     3   Next: 18%
Magic:  0/7        EV: 11    Int: 13    God:
Gold:   48         SH:  0    Dex: 15    Spells: 6/6 levels left

rFire   . . .      SeeInvis +    a - +0 falchion
rCold   . . .      Faith    .    (no shield)
rNeg    . . .      Spirit   +    b - +0 leather armour
rPois   .          Reflect  .    (no helmet)
rElec   .          Harm     .    (no cloak)
rCorr   .          Rampage  .    (no gloves)
Will    .....                    (no boots)
Stlth   +                        j - amulet of magic regeneration
HPRegen 0.23/turn                h - ring of see invisible
MPRegen 0.50/turn                (no ring)

@: no status effects
A: fangs 2, magic shield, antimagic bite, no potion heal 2
a: no special abilities


You were on level 1 of the Dungeon.
You visited 1 branch of the dungeon, and saw 2 of its levels.

You collected 48 gold pieces.

Inventory:

Hand Weapons
 a - a +0 falchion (weapon)
Missiles
 d - 7 boomerangs of dispersal (quivered)
Armour
 b - a +0 leather armour (worn)
Jewellery
 h - a ring of see invisible (left hand)
 j - an amulet of magic regeneration (around neck)
Scrolls
 c - a scroll of blinking
 e - a scroll of teleportation {unknown}
 g - a scroll of vulnerability {unknown}
Potions
 f - a potion of heal wounds {unknown}
 i - a potion of lignification {unknown}


   Skills:
 - Level 1.7 Fighting
 + Level 3.2 Long Blades
 - Level 0.8 Throwing
 - Level 0.7 Armour
 - Level 1.5 Dodging
 - Level 2.1 Spellcasting
 - Level 3.0 Translocations


You had 6 spell levels left.
You didn't know any spells.
Your spell library contained the following spells:

 Spells                   Type           Power      Damage    Failure   Level
 Blink                    Tloc           18%        N/A       14%         2
 Lesser Beckoning         Tloc           18%        N/A       14%         2
 Teleport Other           Tloc           9%         N/A       28%         3
 Vhi's Electric Charge    Tloc/Air       10%        N/A       45%         3
 Manifold Assault         Tloc           9%         N/A       67%         4


Dungeon Overview and Level Annotations

Branches:
Dungeon (2/15)

Altars:

Annotations:
D:1 Robin
D:2 Terence


Innate Abilities, Weirdness & Mutations

You have extremely sharp teeth.
When hurt, damage is shared between your health and your magic reserves.
Your bite disrupts and absorbs the magic of your enemies.
Potions cannot restore your health.


Message History

No target in view!
You see here a +0 dagger.
There is an open door here.
There is an open door here.
There is a stone staircase leading down here.
You climb downwards.
Level annotation: Robin, Terence The goblin hits you but does no damage.
The goblin hits you with a +0 dagger.
There is a stone staircase leading up here.
There are monsters nearby!
The goblin misses you. The goblin hits you with a +0 dagger.
Robin hits you with a +3 short sword of electrocution.
You climb upwards.
There is a stone staircase leading down here.
You barely miss Robin. The goblin closely misses you.
The goblin hits you but does no damage.
Robin hits you with a +3 short sword of electrocution.
The goblin attacks as you move away! The goblin barely misses you.
Robin hits you with a +3 short sword of electrocution.
Robin throws the goblin at you!
You hit the goblin.
You kill the goblin!
The goblin hits you but does no damage.
Robin roars a battlecry!
The goblin goes into a battle-frenzy!
The goblin attacks as you move away! The goblin closely misses you.
Robin's bangles clink loudly.
Things that are here:
a +0 dagger; a goblin corpse The goblin attacks as you move away!
The goblin hits you but does no damage.
You closely miss the goblin. Your bite misses the goblin.
The goblin misses you. The goblin hits you but does no damage.
Robin throws the goblin at you! The goblin attacks as you move away!
The goblin hits you with a +0 dagger. Robin closely misses you.
You closely miss the goblin. The goblin hits you but does no damage.
Robin hits you with a +3 short sword of electrocution.
You are electrocuted!
Ouch! That really hurt!
You die...

##......#############..^.......##
##......# ##########..# ##......#
########## ##.# ##......#
#........# #####.# #####.#####
#........#####...†.# .# #.....#
#......>....##.##### .# #.....#
###..######.......## .# #.....#
#g## ###..##... .# #.....# #@#
###.####.# .####..)..#### #g#
#...# #.# .............###.###
###'###### #.........##.......#
##....... #.....##.#######.#.#
##...##### #.....##.### ##.#.#
##.#.#.###. #..........## #..#.#
##.##.##.#.#
#.....##.#..###.######.###.###.##
####.###.##..##.#####.####.##.#.#


You could see Robin and a goblin (strong).

Vanquished Creatures
  4 endoplasms (D:1)
  3 goblins (D:1)
  3 hobgoblins
  3 kobolds (D:1)
  2 quokkas (D:1)
  5 ball pythons (D:1)
  3 bats (D:1)
  4 rats (D:1)
27 creatures vanquished.

Notes
Turn   | Place    | Note
-------+----------+-------------------------------------------
     0 | D:1      | Leeroy the Vine Stalker Warper began the quest for the Orb.
     0 | D:1      | Reached XP level 1. HP: 11/11 MP: 4/4
    92 | D:1      | Reached XP level 2. HP: 15/15 MP: 4/6
   590 | D:1      | Reached XP level 3. HP: 16/18 MP: 7/7
   712 | D:2      | Noticed Terence
   712 | D:2      | Noticed Robin
   764 | D:1      | Slain by Robin

Illustrated notes

Levels and vault maps discovered:
D:1:      roderic_octagonal_star, layout_rooms, corner_web_ring,
          nicolae_concentric_dashed_squares_mild
D:2:      minmay_kobold_bridge, layout_loops_cross, uniq_crazy_yiuf_cottage,
          uniq_terence, uniq_robin

Skill      XL: |  1  2 |
---------------+-------+-----
Long Blades    | 2 3 |  3.2
Fighting       | |  1.7
Throwing       | |  0.8
Armour         | |  0.7
Dodging        | |  1.5
Spellcasting   | |  2.1
Translocations | |  3.0

Action                     || total
---------------------------++-------
  Melee: Falchion          ||    58
         Bite              ||    12
         Punch             ||     1
 Armour: Leather armour    ||    25
  Dodge: Dodged            ||    40

Table legend: (Time is in decaauts)
 A = Elapsed time spent in this place.
 B = Non-inter-level travel time spent in this place.
 C = Inter-level travel time spent in this place.
 D = Time resting spent in this place.
 E = Time spent auto-exploring this place.
 F = Levels seen in this place.
 G = Mean time per level.
                   A        B        C        D        E       F      G
               +--------+--------+--------+--------+--------+-----+--------+
         Total |    774 |    724 |     50 |      0 |    556 |   2 |  387.0 |
       Dungeon |    774 |    724 |     50 |      0 |    556 |   2 |  387.0 |
               +--------+--------+--------+--------+--------+-----+--------+

Top non-repeatable levels by time:
     D:1: 769 daAuts
     D:2: 5 daAuts
